 Dungeon Crawl Stone Soup version 0.21.1-1-g345015fe64 (webtiles) character file.

89 Gargoyl the Skirmisher (level 4, -6/38 HPs)
             Began as a Centaur Abyssal Knight on July 9, 2018.
             Was a Follower of Lugonu.
             Killed by divine providence
             ... invoked by an orc priest
              (14 damage)
             ... on level 3 of the Dungeon.
             The game lasted 00:04:42 (2341 turns).

Gargoyl the Skirmisher (Centaur Abyssal Knight)     Turns: 2341, Time: 00:04:43

Health: -6/38      AC:  7    Str: 15    XL:     4   Next: 31%
Magic:  5/5        EV:  4    Int: 11    God:    Lugonu [*.....]
Gold:   112        SH:  0    Dex:  9    Spells: 3/3 levels left

rFire    . . .     SeeInvis .   a - +1 hand axe
rCold    . . .     Gourm    .   (no shield)
rNeg     . . .     Faith    .   d - +0 chain mail
rPois    .         Spirit   .   (no helmet)
rElec    .         Reflect  .   (no cloak)
rCorr    .         Harm     .   (no gloves)
MR       .....                  (no barding)
Stlth    ..........             (no amulet)
HPRegen  0.12/turn              (no ring)
MPRegen  0.09/turn              (no ring)

@: flying, very slightly contaminated, invisible, very quick
A: large, hooves 3, deformed body, speed 2, tough skin 3
a: Depart the Abyss, Renounce Religion


You were on level 3 of the Dungeon.
You worshipped Lugonu.
Lugonu was aware of your devotion.
You were very hungry.

You visited 1 branch of the dungeon, and saw 4 of its levels.
You visited the Abyss 1 time.

You collected 112 gold pieces.

Inventory:

Hand Weapons
 a - a +1 hand axe (weapon)
Missiles
 i - 6 tomahawks (quivered)
Armour
 d - a +0 chain mail (worn)
Jewellery
 k - an uncursed amulet of rage {unknown}
Wands
 f - a wand of digging (19)
 h - a wand of disintegration (18)
Scrolls
 e - a scroll of identify
Potions
 g - a potion of heal wounds {unknown}
 l - a potion of haste {unknown}
Comestibles
 c - 4 rations


   Skills:
 + Level 3.3 Fighting
 + Level 2.7 Axes
 * Level 2.3 Armour
 + Level 0.9 Dodging
 * Level 2.5 Invocations


You had 3 spell levels left.
You didn't know any spells.

Dungeon Overview and Level Annotations

Branches:
Dungeon (4/15)
 Temple: D:4-7

Altars:
Zin


Innate Abilities, Weirdness & Mutations

You have hooves in place of feet.
Armour fits poorly on your strangely shaped body.
You cover ground very quickly.
You have extremely tough skin. (AC +3)


Message History

You completely miss the orc priest.
The orc priest is severely wounded.
You hit the orc wizard but do no damage.
The orc priest hits you with a hand axe.
The orc wizard mumbles some strange words.
The orc wizard seems to speed up.
Unknown command.
You fade into invisibility!
The orc wizard hits you with a dagger.
The orc priest calls down the wrath of Beogh upon you.
Pain shoots through your body!
* * * LOW HITPOINT WARNING * * *
The orc wizard barely misses you.
You are very lightly contaminated with residual magic.
It was a potion of flight.
You feel very buoyant.
You fly up into the air.
The orc priest invokes the aid of Beogh against you.
Beogh smites you!
You die...

####.........######
.# #######........##
.# ##..####..# .#
#..####..# .#
#..##...###### .#
#####..#.........# ##
####........#.......#
#
#....###.#..o.......#
#.#### #.###.@..#####
####.# #...o.o..#
#....# ###........#
..#### ##.[........#
....####..#........#
.........##........#
###.....<....#######
.#########...# ..###
#...#


You could see an orc priest and 2 orc wizards.

Vanquished Creatures
  4 adders
  A worm (D:2)
  2 leopard geckos (D:1)
  An orc (D:3)
  2 giant cockroaches (D:2)
  4 goblins
  5 hobgoblins
  3 jackals (D:1)
  6 kobolds
  A ball python (D:3)
  11 bats
  A frilled lizard (D:1)
  6 rats
47 creatures vanquished.

Notes
Turn   | Place    | Note
-------+----------+-------------------------------------------
     0 | Abyss:1  | Gargoyl the Centaur Abyssal Knight began the quest for the Orb.
     0 | Abyss:1  | Reached XP level 1. HP: 19/19 MP: 2/2
    78 | Abyss:2  | Noticed an orange demon
    84 | D:1      | Escaped the Abyss
   187 | D:1      | Reached * piety under Lugonu
   266 | D:1      | Reached XP level 2. HP: 26/26 MP: 3/3
   940 | D:2      | Reached XP level 3. HP: 31/31 MP: 4/4
  1610 | D:2      | Found a glowing silver altar of Zin.
  1669 | D:3      | Reached XP level 4. HP: 32/38 MP: 5/5
  2341 | D:3      | Killed from afar by an orc priest

Skill      XL: |  1  2 |
---------------+-------+-----
Axes           | 2 |  2.7
Armour         | 2 |  2.3
Fighting       | |  3.3
Dodging        | |  0.9
Invocations    | |  2.5

Action                   |  1- 3 |  4- 6 || total
-------------------------+-------+-------++-------
Melee: Hand axe          |   115 |    28 ||   143
       Kick              |    10 |     4 ||    14
Invok: Depart the Abyss  |     1 |       ||     1
  Use: Scroll            |     7 |       ||     7
       Potion            |       |     2 ||     2
  Eat: Chunk             |     1 |     1 ||     2
Armor: Chain mail        |   117 |    26 ||   143
       Leather armour    |     1 |       ||     1
Dodge: Dodged            |    31 |    14 ||    45
